 Dungeon Crawl Stone Soup version 0.20.0-8-g6b59dc7 (webtiles) character file.

14936 Gorglomux the Fighter (level 12, -10/120 HPs)
             Began as a Naga Wanderer on May 31, 2017.
             Was an Initiate of Gozag.
             Mangled by a catoblepas (27 damage)
             ... on level 2 of the Lair of Beasts on June 1, 2017.
             The game lasted 00:37:34 (16337 turns).

Gorglomux the Fighter (Naga Wanderer)              Turns: 16337, Time: 00:37:35

Health: -10/120    AC: 10    Str: 21    XL:     12   Next: 21%
Magic:  17/17      EV: 15    Int: 12    God:    Gozag
Gold:   442        SH:  0    Dex: 15    Spells: 11/11 levels left

rFire    . . .     SeeInvis +   R - +2 broad axe (freeze)
rCold    . . .     Gourm    .   (no shield)
rNeg     . . .     Faith    .   F - +0 ring mail
rPois    +         Spirit   .   (no helmet)
rElec    .         Reflect  .   O - +0 cloak (curse)
rCorr    .         Harm     .   (no gloves)
MR       +....                  (no barding)
Stlth    +++++.....             p - amulet of magic regeneration
Regen    0.3/turn               x - ring of stealth
MPRegen  0.3/turn               q - ring of wizardry

@: agile, very slow
A: see invisible, deformed body, poison resistance, slowness 2, slow metabolism
1, spit poison 1, AC +4
a: Spit Poison, Potion Petition, Call Merchant, Bribe Branch, Renounce Religion


You were on level 2 of the Lair of Beasts.
You worshipped Gozag.
Gozag was aware of your devotion.
You were not hungry.

You visited 3 branches of the dungeon, and saw 14 of its levels.

You collected 2459 gold pieces.
You spent 244 gold pieces at shops.
You paid 1773 gold pieces to Gozag.

Inventory:

Hand Weapons
 M - a +2 hand axe of draining
 N - a +1 hand axe of chopping
 R - a +2 broad axe of freezing (weapon)
Armour
 i - a +0 shield
 F - a +0 ring mail (worn)
 O - a cursed +0 cloak (worn)
Jewellery
 p - an amulet of magic regeneration (around neck)
 q - a ring of wizardry (right hand)
 x - a ring of stealth (left hand)
Wands
 n - a wand of digging (8/24)
 w - a wand of flame (25/48)
 C - a wand of confusion (12/48)
 D - a wand of digging (11/24)
 E - a wand of enslavement (0/24)
 L - a wand of lightning (6/15)
 P - a wand of paralysis (1/24)
 Y - a wand of confusion (27/48)
Scrolls
 g - a scroll of fog {unknown}
 j - a scroll of brand weapon {unknown}
 o - 2 scrolls of enchant weapon {unknown}
 s - 2 scrolls of random uselessness {unknown}
 B - 2 scrolls of blinking {unknown}
 G - 3 scrolls of enchant armour
 J - 3 scrolls of recharging
 K - 2 scrolls of immolation
 T - 9 scrolls of teleportation
 U - 4 scrolls of amnesia
 W - 12 scrolls of remove curse
 Z - 4 scrolls of fear
Potions
 h - 3 potions of flight
 l - a potion of cancellation
 m - 2 potions of lignification
 r - 2 potions of heal wounds
 t - 2 potions of resistance
 v - 2 potions of invisibility
 A - 4 potions of brilliance
 H - 2 potions of agility
 I - a potion of magic {unknown}
 Q - 2 potions of curing
 S - a potion of haste {unknown}
 X - 2 potions of ambrosia
Books
 u - a book of Geomancy

   Spells                             Type                      Level
   a - Sandblast                      Earth                        1
   b - Passwall                       Transmutation/Earth          2
   c - Stone Arrow                    Conjuration/Earth            3
   d - Petrify                        Transmutation/Earth          4
   e - Lee's Rapid Deconstruction     Earth                        5
 y - Sif Muna's Collected Works on Displacement and Transmigration
   (You found it on level 8 of the Dungeon)

   Spells                             Type                      Level
   a - Blink                          Translocation                2
   b - Passwall                       Transmutation/Earth          2
   c - Spider Form                    Transmutation/Poison         3
   d - Ice Form                       Ice/Transmutation            4
   e - Passage of Golubria            Translocation                4
   f - Yara's Violent Unravelling     Hexes/Transmutation          5
Miscellaneous
 V - a phantom mirror
Comestibles
 f - 7 bread rations
 k - 5 royal jellies
 z - a meat ration


   Skills:
 - Level 11.0 Fighting
 - Level 8.9(9.0) Axes
   Level 1.0(5.6) Polearms
 + Level 9.2 Armour
 - Level 3.2 Dodging
 - Level 8.0 Stealth
 - Level 7.0 Evocations


You had 11 spell levels left.
You didn't know any spells.

Dungeon Overview and Level Annotations

Branches:
Dungeon (11/15)            Temple (1/1) D:4            Lair (2/6) D:8
    Orc (0/2) D:11
  Swamp: Lair:2-4    Shoals: Lair:2-4     Snake: Lair:2-4    Spider: Lair:2-4

Altars:
Ashenzari
Cheibriados
Elyvilon
Fedhas
Gozag
Hepliaklqana
Kikubaaqudgha
Makhleb
Nemelex Xobeh
Okawaru
Qazlal
Ru
Sif Muna
Trog
Uskayaw
Vehumet
Xom
Yredelemnul
Zin
The Shining One
Beogh

Shops:
D:8 *(

Annotations:
D:4 Menkaure; Monsterracer's ghost, novice GrCK
D:11 exclusion: ugly thing


Innate Abilities, Weirdness & Mutations

You cannot wear boots.
Your serpentine skin is tough. (AC +4)
You have supernaturally acute eyesight. (SInv)
Armour fits poorly on your strangely shaped body.
Your system is resistant to poisons. (rPois)
You cover ground very slowly.
You have a slow metabolism.
You can spit poison.


Message History

A blink frog comes into view.
The blink frog croaks.
The catoblepas breathes a plume of calcifying dust at you.
The blast of calcifying dust hits you!
The catoblepas breathes a plume of calcifying dust at you.
The blast of calcifying dust hits you!
The blink frog blinks! 2 blink frogs come into view.
Unknown command.
You hit the catoblepas but do no damage.
The catoblepas is almost dead.
The catoblepas gores you!!
* * * LOW HITPOINT WARNING * * *
You hit the catoblepas but do no damage.
The catoblepas is almost dead.
The catoblepas gores you.
* * * LOW HITPOINT WARNING * * *
The blink frog blinks!
The catoblepas gores you!!
You die...
Your body crumbles into a pile of gold.

.... ##.#..###..#
#....##.......#.##
#...#.......#...# .
#....P......#P.##
#.###..F........##.#
.+......##...#...#.#
....F.....##..#.PP.#
..§..............P..#
..F....@Y..........#.#
........§§..........##
.......§.§..........#
###P#..§##.PP§#.##.##
# #.§# #..##### ..#
#.§ ##..# .# #... ....
#.. ..... ... ....H


You could see a catoblepas and 3 blink frogs.

Vanquished Creatures
  Erica (D:8)
  2 two-headed ogres
  Pikel (D:7)
  A deep elf mage (D:9)
  Joseph (D:9)
  2 spiny frogs (Lair:1)
  A gargoyle (D:11)
  3 trolls
  2 hornets
  4 hippogriffs
  3 hogs (D:10)
  A shadow (D:11)
  8 yaks
  A human (D:10)
  2 hungry ghosts
  Edmund (D:5)
  A steam dragon (D:10)
  2 insubstantial wisps (D:10)
  A water moccasin (D:9)
  3 porcupines
  Duvessa (D:6)
  3 orc warriors
  2 slaves (D:7)
  3 ice beasts
  A black bear (D:10)
  A phantom (D:6)
  4 sky beasts
  A necrophage (D:9)
  3 ogres
  3 wolves (Lair:1)
  A crocodile (D:8)
  3 centaurs
  5 bullfrogs
  A wyvern zombie (D:8)
  A gnoll sergeant (D:6)
  6 scorpions
  Dowan (D:6)
  10 killer bees (D:9)
  5 wights (D:10)
  3 howler monkeys
  2 vampire bats (D:6)
  8 crimson imps
  4 centaur zombies
  3 bullfrog zombies
  4 hounds
  3 jellies
  2 centaur skeletons
  2 quasits (D:10)
  5 orc priests
  Crazy Yiuf (D:5)
  3 iguanas
  14 orc wizards
  2 bullfrog skeletons
  5 worker ants
  2 hound skeletons
  2 worker ant zombies
  8 gnolls
  13 adders
  3 shadow imps
  2 oozes (D:2)
  An adder zombie (D:8)
  3 adder skeletons
  2 worms
  3 dart slugs
  4 leopard geckos
  36 orcs
  A ball python (D:2)
  17 bats
  6 giant cockroaches
  11 goblins
  11 hobgoblins
  2 jackals (D:1)
  10 kobolds
  4 quokkas
  3 frilled lizards
  A jackal skeleton (D:4)
  A leopard gecko skeleton (D:7)
  A quokka zombie (D:5)
  11 rats
315 creatures vanquished.

Vanquished Creatures (others)
  A slave (D:7)
  2 killer bees (D:9)
  A bullfrog zombie (D:7)
  A plant (D:2)
5 creatures vanquished.

Grand Total: 320 creatures vanquished

Notes
Turn   | Place    | Note
-------+----------+-------------------------------------------
     0 | D:1      | Gorglomux the Naga Wanderer began the quest for the Orb.
     0 | D:1      | Gorglomux set off with: a +0 spear, a +0 robe, a bread ration, a wand of confusion (15/48), a potion of curing
     0 | D:1      | Reached XP level 1. HP: 21/21 MP: 1/1
   317 | D:1      | Reached skill level 3 in Stealth
   317 | D:1      | Reached XP level 2. HP: 14/28 MP: 2/2
   757 | D:1      | HP: 1/28 [quokka (3)]
   758 | D:1      | Reached XP level 3. HP: 1/34 MP: 3/3
  1794 | D:2      | Reached XP level 4. HP: 29/42 MP: 4/4
  1895 | D:2      | Reached skill level 6 in Stealth
  2220 | D:2      | Found a faded altar of an unknown god.
  2363 | D:2      | Reached XP level 5. HP: 33/49 MP: 5/5
  3146 | D:3      | Found a bloodstained altar of Trog.
  3170 | D:3      | Reached skill level 4 in Fighting
  3298 | D:3      | Reached XP level 6. HP: 29/57 MP: 6/6
  3821 | D:3      | Found an iron altar of Okawaru.
  4002 | D:4      | Found a sacrificial altar of Ru.
  4625 | D:4      | Found a staircase to the Ecumenical Temple.
  4730 | Temple   | Entered the Ecumenical Temple
  4769 | Temple   | Became a worshipper of Gozag Ym Sagoz the Greedy
  4856 | D:4      | Noticed Menkaure
  4856 | D:4      | Noticed Monsterracer's ghost (novice GrCK)
  5169 | D:5      | Entered Level 5 of the Dungeon
  5276 | D:5      | Reached skill level 5 in Fighting
  5276 | D:5      | Reached XP level 7. HP: 52/67 MP: 7/9
  5293 | D:5      | Reached skill level 3 in Evocations
  5398 | D:5      | Found a radiant altar of Vehumet.
  5531 | D:5      | Noticed Edmund
  5543 | D:5      | Killed Edmund
  5945 | D:5      | Reached skill level 6 in Fighting
  6110 | D:5      | Found a runed door.
  6226 | D:5      | Noticed Crazy Yiuf
  6234 | D:5      | Killed Crazy Yiuf
  6242 | D:5      | Got a twisted mace
  6243 | D:5      | Identified the +2 mace "Toypt" {drain, rF+ rN++ MR- Int+4} (You found it on level 5 of the Dungeon)
  6328 | D:6      | Noticed Dowan
  6332 | D:6      | Noticed Duvessa
  6342 | D:6      | Killed Dowan
  6342 | D:6      | Reached XP level 8. HP: 75/76 MP: 11/11
  6444 | D:6      | Killed Duvessa
  6725 | D:6      | Reached skill level 1 in Armour
  6906 | D:6      | Reached skill level 7 in Fighting
  6965 | D:6      | Reached skill level 6 in Evocations
  7087 | D:6      | Reached XP level 9. HP: 60/86 MP: 13/13
  7563 | D:7      | Found a hide-covered altar of Uskayaw.
  7661 | D:7      | Found a blossoming altar of Fedhas.
  7745 | D:7      | Noticed Pikel
  7861 | D:7      | Killed Pikel
  7861 | D:7      | Reached skill level 3 in Armour
  7904 | D:7      | Reached skill level 8 in Fighting
  8010 | D:7      | Reached skill level 1 in Axes
  8161 | D:7      | Found a hazy altar of Hepliaklqana.
  8239 | D:7      | Found a sparkling altar of Nemelex Xobeh.
  8614 | D:8      | Noticed Erica
  8641 | D:8      | Killed Erica
  8641 | D:8      | Reached XP level 10. HP: 49/96 MP: 15/15
  9113 | D:8      | Identified Sif Muna's Collected Works on Displacement and Transmigration
  9278 | D:8      | Noticed a two-headed ogre
  9284 | D:8      | Killed a two-headed ogre
  9496 | D:8      | Found a staircase to the Lair.
  9795 | D:9      | Noticed Joseph
  9827 | D:9      | Killed Joseph
  9827 | D:9      | Reached skill level 9 in Fighting
  9827 | D:9      | Reached skill level 6 in Armour
 10071 | D:9      | Reached skill level 6 in Axes
 10697 | D:9      | Noticed a deep elf mage
 10711 | D:9      | Killed a deep elf mage
 10711 | D:9      | Reached XP level 11. HP: 76/106 MP: 16/16
 11171 | D:10     | Entered Level 10 of the Dungeon
 11572 | D:10     | Reached skill level 10 in Fighting
 12918 | D:10     | Noticed a two-headed ogre
 12934 | D:10     | Killed a two-headed ogre
 13329 | D:11     | Found a staircase to the Orcish Mines.
 13613 | D:11     | Found a roughly hewn altar of Beogh.
 14081 | D:11     | Found a shattered altar of Ashenzari.
 14145 | D:11     | Noticed a red ugly thing
 14456 | D:11     | Reached skill level 11 in Fighting
 14456 | D:11     | Reached XP level 12. HP: 58/120 MP: 17/17
 14801 | Lair:1   | Entered Level 1 of the Lair of Beasts
 14987 | D:8      | Bought a scroll labeled LAUPUACOGA for 23 gold pieces
 14987 | D:8      | Bought a scroll of identify for 46 gold pieces
 14990 | D:8      | Bought a runed broad axe for 175 gold pieces
 15998 | Lair:1   | Reached skill level 9 in Armour
 16313 | Lair:2   | Noticed a catoblepas
 16337 | Lair:2   | Mangled by a catoblepas

Skill      XL: |  1  2  3  4  5  6  7  8  9 10 11 12 |
---------------+-------------------------------------+-----
Stealth        | 3 4 5 7 8 |  8.0
Fighting       | 4 5 6 7 8 9 11 | 11.0
Evocations     | 2 4 6 7 |  7.0
Armour         | 2 5 6 8 9 |  9.2
Axes           | 4 6 8 |  8.9
Polearms       | |  1.0
Dodging        | |  3.2

Action                   |  1- 3 |  4- 6 |  7- 9 | 10-12 || total
-------------------------+-------+-------+-------+-------++-------
Melee: Spear             |    21 |       |       |       ||    21
       Dagger            |    20 |       |       |       ||    20
       Short sword       |    49 |   142 |       |       ||   191
       Hand axe          |       |    68 |   326 |   740 ||  1134
       Broad axe         |       |       |       |    44 ||    44
Invok: Potion Petition   |       |       |       |     1 ||     1
       Call Merchant     |       |       |       |     2 ||     2
 Abil: Spit Poison       |    21 |    49 |    28 |    55 ||   153
Evoke: Wand              |       |       |    15 |    33 ||    48
  Use: Potion            |       |     4 |       |     3 ||     7
       Scroll            |       |    10 |     2 |     5 ||    17
 Stab: Sleeping          |     1 |     5 |    10 |     5 ||    21
       Distracted        |       |     1 |     1 |     2 ||     4
       Paralysed         |       |       |    10 |     1 ||    11
       Confused          |       |       |     4 |    18 ||    22
       Invisible         |       |       |       |     2 ||     2
  Eat: Chunk             |     3 |    11 |       |       ||    14
       Meat ration       |       |     1 |       |     3 ||     4
       Royal jelly       |       |       |     2 |     2 ||     4
       Bread ration      |       |       |     1 |     3 ||     4
Armor: Robe              |    20 |     6 |       |       ||    26
       Ring mail         |       |   133 |   147 |   353 ||   633
       Skin              |       |       |       |    36 ||    36
Dodge: Dodged            |    48 |   187 |   178 |   380 ||   793
